 Dungeon Crawl Stone Soup version 0.25-a0-576-g50b708a4c4 (webtiles) character file.

Game seed: 11563330764943048961, levelgen mode: deterministic

47728 Flugslaktarn the Severer (level 14, -8/135 HPs)
             Began as a Deep Dwarf Fighter on Mar 1, 2020.
             Was the Champion of Makhleb.
             Shot with a bolt by Vashnia (38 damage)
             ... on level 2 of the Snake Pit.
             The game lasted 00:09:20 (11664 turns).

Flugslaktarn the Severer (Deep Dwarf Fighter)      Turns: 11664, Time: 00:09:20

Health: -8/135     AC: 23    Str: 24    XL:     14   Next: 9%
Magic:  1/1        EV:  6    Int: 16    God:    Makhleb [******]
Gold:   1710       SH: 20    Dex: 12    Spells: 13/13 levels left

rFire    + . .     SeeInvis +   s - +2 war axe (elec)
rCold    + + .     Gourm    .   c - +0 kite shield
rNeg     + . .     Faith    .   F - +0 plate armour
rPois    .         Spirit   .   N - +0 helmet
rElec    .         Reflect  +   x - +0 cloak {MR+}
rCorr    .         Harm     .   I - +1 pair of gloves
MR       ++++.                  S - +0 pair of boots
Stlth    ..........             D - +3 amulet of reflection
HPRegen  0.00/turn              Q - ring of Eplotwed {rC+ MR+ Int+6 SInv}
MPRegen  0.07/turn              i - ring of see invisible

@: lethally poisoned (-8 -> -32), non-regenerating
A: damage resistance, heal wounds, large bone plates 1, rugged brown scales 1,
cold resistance 1, fire resistance 1, negative energy resistance 1, sense
surroundings 2, no regeneration
a: Heal Wounds, Minor Destruction, Lesser Servant of Makhleb, Major Destruction,
Greater Servant of Makhleb, Renounce Religion


You were on level 2 of the Snake Pit.
You worshipped Makhleb.
Makhleb was exalted by your worship.
You were not hungry.

You visited 4 branches of the dungeon, and saw 18 of its levels.
You also visited: Bailey.

You collected 1710 gold pieces.

Inventory:

Hand Weapons
 f - a +0 hand axe of flaming
   (You found it on level 4 of the Dungeon)
 s - a +2 war axe of electrocution (weapon)
   (You found it on level 7 of the Dungeon)
 A - a +1 broad axe
   (You took it off an orc warrior in a bailey)
Missiles
 y - 4 throwing nets (quivered)
Armour
 c - a +0 kite shield (worn)
 x - a +0 cloak of magic resistance (worn)
   (You found it on level 6 of the Dungeon)
 F - a +0 plate armour (worn)
   (You took it off an orc warrior on level 8 of the Dungeon)
 I - a +1 pair of gloves (worn)
   (You found it on level 2 of the Lair of Beasts)
 N - a +0 helmet (worn)
   (You found it on level 4 of the Lair of Beasts)
 S - a +0 pair of boots (worn)
   (You found it on level 6 of the Lair of Beasts)
Jewellery
 i - a ring of see invisible (right hand)
   (You found it on level 5 of the Lair of Beasts)
 D - a +3 amulet of reflection (around neck)
   (You found it on level 6 of the Dungeon)
 Q - the ring of Eplotwed (left hand) {rC+ MR+ Int+6 SInv}
   (You found it on level 6 of the Lair of Beasts)

   [ring of protection from magic]

   It affects your intelligence (+6).
   It protects you from cold.
   It affects your resistance to hostile enchantments.
   It lets you see invisible.
 R - an uncursed ring of fire
   (You found it on level 6 of the Lair of Beasts)
Wands
 G - a wand of iceblast (12)
   (You found it on level 2 of the Lair of Beasts)
 L - a wand of paralysis (2)
   (You found it on level 5 of the Lair of Beasts)
Scrolls
 a - a scroll of torment
 j - 3 scrolls of holy word
 k - 3 scrolls of remove curse
 p - 4 scrolls of enchant weapon
 r - 4 scrolls of identify
 t - 5 scrolls of teleportation
 u - 2 scrolls of fear
 z - 2 scrolls of blinking
 C - a scroll of vulnerability
 K - a scroll of immolation
 M - a scroll of fog
Potions
 d - 4 potions of might
 g - 2 potions of ambrosia
 h - a potion of haste
 m - 2 potions of mutation
 q - 6 potions of curing
 w - a potion of heal wounds
 B - 7 potions of brilliance
 E - 2 potions of flight
 J - 2 potions of stabbing
Comestibles
 e - 40 rations


   Skills:
 + Level 10.0 Fighting
 * Level 15.3 Axes
 + Level 11.5 Armour
 + Level 11.6 Shields
 + Level 12.6 Invocations


You had 13 spell levels left.
You didn't know any spells.
Your spell library was empty.

Dungeon Overview and Level Annotations

Branches:
Dungeon (9/15)             Temple (1/1) D:4            Lair (6/6) D:9
 Shoals (0/4) Lair:2        Snake (2/4) Lair:3        Slime (0/5) Lair:6
 Bailey (visited)
    Orc: D:9-12

Altars:
Ashenzari
Cheibriados
Dithmenos
Elyvilon
Fedhas
Gozag
Hepliaklqana
Kikubaaqudgha
Makhleb
Nemelex Xobeh
Okawaru
Qazlal
Ru
Sif Muna
Trog
Uskayaw
Vehumet
Wu Jian
Xom
Yredelemnul
Zin
The Shining One
Jiyva

Annotations:
D:5 2 runed translucent doors, FrozenTrovador's ghost, amateur MfSu
D:6 exclusions: door and 2 more exclusions
Lair:3 exclusion: oklob plant
Snake:2 Aizul; Vashnia


Innate Abilities, Weirdness & Mutations

You are resistant to damage.
You can heal yourself by infusing magical energy.
You resist negative energy. (rN+)
You passively map the area around you.
You do not regenerate.
You are partially covered in large bone plates. (SH +4)
You are partially covered in rugged brown scales. (AC +1, +3% HP)
Your flesh is cold resistant. (rC+)
Your flesh is heat resistant. (rF+)


Message History

The naga sharpshooter spits poison at you.
The splash of poison hits you but does no damage.
You resist.
You are too injured to fight recklessly!
You are too injured to fight recklessly!
You are too injured to fight recklessly!
You closely miss the naga sharpshooter.
The naga sharpshooter is heavily wounded.
You miss Aizul. You barely miss the naga sharpshooter.
You hit the naga sharpshooter but do no damage.
You feel less wooden.
Your +0 cloak of magic resistance unmelds from your body.
Your +0 helmet unmelds from your body.
Your +1 pair of gloves unmelds from your body.
Your +0 pair of boots unmelds from your body.
Your +0 plate armour unmelds from your body.
You feel resistant to hostile enchantments.
You feel very sick. You block Aizul's attack.
Vashnia shoots a bolt.
The bolt hits you!!!
You die...

, ,, , , ,, , ,
** , , , ,
*#...(((......, *
* , , ,
#...(((.....# , ,
,, ##.!.(..(....#
,
,,##......(.....#
, ,
#......(.....# ,,
.......}N....# ,
,, * *
.....(N.S....# ,
, *
....(.N@...(.#, ,
,
*#...(.N.....#..
, #......(..(##**
> , *
##........## * *
, * #.#######.#,,
* , # * *.. , , ,
, , ,, #.., , * ,
* ^.. , , , ,, ,
,*


You could see Vashnia, Aizul and 3 naga sharpshooters.

Vanquished Creatures
  4 hydras
  Fannar (Lair:2)
  An ice dragon (Lair:6)
  A two-headed ogre (D:8)
  2 catoblepae (Lair:6)
  6 death yaks (Lair:6)
  Nergalle (Lair:2)
  An orc high priest (Bailey)
  3 naga sharpshooters (Snake:1)
  A necromancer (Lair:4)
  An orc knight (Bailey)
  A manticore (Lair:6)
  A merfolk siren (Lair:2)
  5 elephants (Lair:4)
  3 black mambas
  Maggie (D:7)
  A kobold demonologist (Bailey)
  8 spiny frogs
  4 komodo dragons
  A troll (D:9)
  2 merfolk (Lair:2)
  Prince Ribbit (D:5)
  11 hippogriffs
  14 blink frogs
  A polar bear (Lair:6)
  6 dream sheep (Lair:6)
  A wyvern (D:8)
  48 yaks
  3 basilisks
  3 nagas (Snake:1)
  16 water moccasins
  8 porcupines
  2 black bears
  11 ice beasts
  2 sky beasts
  10 orc warriors
  A necrophage (D:9)
  2 ogres
  2 phantoms
  6 centaurs
  10 wolves
  15 crocodiles
  9 bullfrogs
  A gnoll sergeant (D:8)
  A water moccasin skeleton (D:9)
  5 wights (D:9)
  14 killer bees
  6 electric eels
  A crimson imp (D:8)
  2 quasits (D:6)
  A centaur skeleton (D:9)
  2 jellies
  6 orc priests
  5 hounds
  5 orc wizards
  An iguana (D:4)
  5 worker ants
  2 yak simulacra (Lair:4)
  5 polar bear simulacra (Lair:4)
  2 wolf simulacra (Lair:4)
  A hound zombie (D:7)
  2 hound skeletons
  A howler monkey zombie (D:6)
  2 worker ant zombies
  12 gnolls
  14 adders
  2 shadow imps (D:6)
  3 white imps (Lair:6)
  An ooze (D:6)
  2 adder zombies
  2 worms
  2 adder skeletons
  2 leopard geckos (D:9)
  41 orcs
  A ball python (D:7)
  A bat (D:1)
  14 goblins
  8 hobgoblins (Bailey)
  4 jackals (D:6)
  2 quokkas
  A frilled lizard (D:5)
  A jackal skeleton (D:7)
  A jackal zombie (D:9)
  A kobold (D:2)
  A leopard gecko skeleton (D:5)
  A leopard gecko zombie (D:5)
  2 rats
  2 river rat simulacra (Lair:4)
  5 fungi
  5 plants
432 creatures vanquished.

Vanquished Creatures (collateral kills)
  A hydra (Lair:6)
  A catoblepas (Lair:6)
  A death yak (Lair:6)
  A manticore (Lair:6)
  An ice statue (Lair:6)
  2 yaks (Lair:6)
  A white imp (Lair:6)
8 creatures vanquished.

Vanquished Creatures (others)
  A naga sharpshooter (Snake:2)
  An orc (D:8)
  A hobgoblin (Bailey)
  12 fungi
  5 plants (Lair:6)
20 creatures vanquished.

Grand Total: 460 creatures vanquished

Notes
Turn   | Place    | Note
-------+----------+-------------------------------------------
     0 | D:1      | Flugslaktarn the Deep Dwarf Fighter began the quest for the
                  | Orb.
     0 | D:1      | Reached XP level 1. HP: 20/20 MP: 1/1
    87 | D:2      | Reached XP level 2. HP: 21/27 MP: 2/2
   173 | D:3      | Reached skill level 3 in Axes
   173 | D:3      | Reached XP level 3. HP: 17/33 MP: 3/3
   188 | D:3      | Reached XP level 4. HP: 41/42 MP: 4/4
   309 | D:4      | Found a glowing silver altar of Zin.
   326 | D:4      | Reached skill level 4 in Axes
   328 | D:4      | Reached XP level 5. HP: 42/49 MP: 5/5
   613 | D:4      | Found an iron altar of Okawaru.
   724 | D:4      | Found a basalt altar of Yredelemnul.
   796 | D:4      | Found a staircase to the Ecumenical Temple.
   950 | Temple   | Entered the Ecumenical Temple
  1182 | Temple   | Became a worshipper of Makhleb the Destroyer
  1229 | D:5      | Entered Level 5 of the Dungeon
  1289 | D:5      | Noticed Prince Ribbit
  1309 | D:5      | Killed Prince Ribbit
  1309 | D:5      | Reached skill level 5 in Axes
  1309 | D:5      | Reached skill level 1 in Invocations
  1309 | D:5      | Reached XP level 6. HP: 33/57 MP: 4/6
  1419 | D:5      | Found a runed translucent door.
  1422 | D:5      | Noticed FrozenTrovador's ghost (amateur MfSu)
  1446 | D:5      | Reached XP level 7. HP: 44/63 MP: 4/4
  1448 | D:5      | Reached skill level 5 in Shields
  1792 | D:5      | Reached skill level 5 in Armour
  2152 | D:5      | Found a runed translucent door.
  2373 | D:6      | Found a shimmering blue altar of Sif Muna.
  2414 | D:6      | Reached skill level 6 in Axes
  2469 | D:6      | Found a shadowy altar of Dithmenos.
  2477 | D:6      | Reached * piety under Makhleb
  2559 | D:6      | Reached XP level 8. HP: 63/73 MP: 5/5
  3009 | D:7      | Reached skill level 7 in Axes
  3189 | D:7      | Found a sparkling altar of Nemelex Xobeh.
  3192 | D:7      | Noticed Maggie
  3203 | D:7      | Killed Maggie
  3203 | D:7      | Reached skill level 5 in Fighting
  3213 | D:7      | Reached skill level 5 in Invocations
  3460 | D:7      | Reached skill level 8 in Axes
  3460 | D:7      | Gained mutation: You passively map the area around you.
                  | [Deep Dwarf growth]
  3460 | D:7      | Reached XP level 9. HP: 68/81 MP: 5/5
  3615 | D:7      | Reached ** piety under Makhleb
  3835 | D:8      | Noticed a two-headed ogre
  3870 | D:8      | Killed a two-headed ogre
  3984 | D:8      | Found a flagged portal.
  4003 | Bailey   | Entered a bailey
  4052 | Bailey   | Reached skill level 9 in Axes
  4066 | Bailey   | Found an iron altar of Okawaru.
  4066 | Bailey   | Noticed an orc high priest
  4066 | Bailey   | Noticed a kobold demonologist
  4075 | Bailey   | Noticed a hellwing
  4080 | Bailey   | Killed a kobold demonologist
  4082 | Bailey   | Killed an orc high priest
  4082 | Bailey   | Reached XP level 10. HP: 55/91 MP: 3/5
  4164 | Bailey   | Reached *** piety under Makhleb
  4322 | Bailey   | Noticed an orc knight
  4337 | Bailey   | Killed an orc knight
  4337 | Bailey   | Reached skill level 10 in Axes
  4640 | D:8      | You fall into a shaft and drop 1 floor!
  4675 | D:9      | Found a staircase to the Lair.
  4723 | D:9      | Found a hazy altar of Hepliaklqana.
  4800 | D:9      | Found a glowing golden altar of the Shining One.
  4850 | D:9      | Reached **** piety under Makhleb
  5355 | D:8      | Reached skill level 11 in Axes
  5583 | D:9      | Reached XP level 11. HP: 84/100 MP: 2/2
  5617 | D:9      | Found a shattered altar of Ashenzari.
  5682 | D:9      | Found a hide-covered altar of Uskayaw.
  5731 | D:9      | Found a sacrificial altar of Ru.
  5759 | D:9      | Found an ancient bone altar of Kikubaaqudgha.
  5797 | Lair:1   | Entered Level 1 of the Lair of Beasts
  5894 | Lair:1   | Reached ***** piety under Makhleb
  6165 | Lair:1   | Found a snail-covered altar of Cheibriados.
  6739 | Lair:2   | Noticed Fannar
  6764 | Lair:2   | Killed Fannar
  6913 | Lair:2   | Reached skill level 12 in Axes
  7023 | Lair:2   | Noticed Nergalle
  7036 | Lair:2   | Killed Nergalle
  7145 | Lair:2   | Found a staircase to the Shoals.
  7580 | Lair:3   | Found a staircase to the Snake Pit.
  7585 | Lair:3   | Reached XP level 12. HP: 62/110 MP: 4/4
  7596 | Lair:3   | Reached skill level 10 in Invocations
  7616 | Lair:3   | Gained mutation: You are agile. (Dex +2) [potion of
                  | mutation]
  7616 | Lair:3   | Gained mutation: You are partially covered in yellow
                  | scales. (AC +2) [potion of mutation]
  7617 | Lair:3   | Lost mutation: You are partially covered in yellow scales.
                  | (AC +2) [potion of mutation]
  7617 | Lair:3   | Lost mutation: You are agile. (Dex +2) [potion of mutation]
  7617 | Lair:3   | Gained mutation: You are partially covered in rugged brown
                  | scales. (AC +1, +3% HP) [potion of mutation]
  7617 | Lair:3   | Gained mutation: Your flesh is cold resistant. (rC+)
                  | [potion of mutation]
  7617 | Lair:3   | Gained mutation: Your flesh is heat resistant. (rF+)
                  | [potion of mutation]
  7617 | Lair:3   | Gained mutation: You are partially covered in large bone
                  | plates. (SH +4) [potion of mutation]
  7708 | Lair:3   | Noticed a seven-headed hydra
  7727 | Lair:3   | Killed a 14-headed hydra
  7794 | Lair:3   | Found an ornate altar of the Wu Jian Council.
  7991 | Lair:3   | Found a blossoming altar of Fedhas.
  8421 | Lair:4   | Noticed a seven-headed hydra
  8433 | Lair:4   | Reached skill level 13 in Axes
  8461 | Lair:4   | Killed an 11-headed hydra
  8461 | Lair:4   | Reached skill level 10 in Armour
  8638 | Lair:4   | Reached skill level 10 in Shields
 10116 | Lair:6   | Entered Level 6 of the Lair of Beasts
 10141 | Lair:6   | Noticed a four-headed hydra
 10146 | Lair:6   | Noticed an ice dragon
 10170 | Lair:6   | Killed a 12-headed hydra
 10170 | Lair:6   | Reached XP level 13. HP: 124/124 MP: 2/2
 10190 | Lair:6   | Reached skill level 14 in Axes
 10234 | Lair:6   | Reached ****** piety under Makhleb
 10518 | Lair:6   | Got a wavering lead ring
 10760 | Lair:6   | Reached skill level 15 in Axes
 10815 | Lair:6   | Found a viscous altar of Jiyva.
 10823 | Lair:6   | Found a staircase to the Slime Pits.
 11381 | Lair:6   | Identified the ring of Eplotwed {rC+ MR+ Int+6 SInv} (You
                  | found it on level 6 of the Lair of Beasts)
 11506 | Snake:1  | Entered Level 1 of the Snake Pit
 11549 | Snake:1  | Gained mutation: You resist negative energy. (rN+) [Deep
                  | Dwarf growth]
 11549 | Snake:1  | Reached XP level 14. HP: 102/133 MP: 3/3
 11625 | Snake:2  | Noticed Aizul
 11625 | Snake:2  | Noticed Vashnia
 11638 | Snake:2  | Reached skill level 10 in Fighting
 11664 | Snake:2  | Shot with a bolt by Vashnia

Levels and vault maps discovered:
D:1:      lightli_arrival_statue_moat, layout_basic, st_stairs_11
D:2:      layout_loops_ring, first_ration
D:3:      layout_basic, uniq_crazy_yiuf_cottage, uniq_natasha, uniq_robin
D:4:      layout_basic, lemuel_doored_altar, okawaru_trees_1,
          nicolae_overflow_hidden_temple, marbit_many_paths,
          minmay_temple_entry_butterflies
D:5:      layout_layer_cave, ebering_ghost_sewer_f, serial_bayou_lagoon_a,
          uniq_prince_ribbit1
D:6:      minmay_spotlight, layout_basic, old_standard_altar, led_sif_book
D:7:      layout_loops_corners, nemelex_xobeh_ov_fountains_minmay,
          chequers_serial_rivers_micro_e, uniq_maggie
D:8:      layout_gridville, enter_bailey_3
D:9:      layout_roguey, kennysheep_little_box, ashenzari_altar_1,
          nicolae_overflow_quartered_altars, lair_entry_dummy
Temple:   compressed_dpeg_triangle_lava_temple
Lair:1:   layout_chaotic_city, basic_altar, infiniplex_staircase_pool
Lair:2:   layout_loops_ring, elwin_shoals_entry_stream, serial_bayou_pond_c,
          chequers_serial_rivers_micro_c, lemuel_fruit_tree, uniq_fannar,
          uniq_nergalle
Lair:3:   layout_chaotic_city, minmay_snake_entry_six_corridors, basic_altar,
          tgw_fedhas
Lair:4:   layout_regular_city, cheibrodos_lair_caveside_slide,
          eino_house_with_fridge
Lair:5:   layout_regular_city
Lair:6:   evilmike_catoblepas_cave, layout_regular_city, slime_altar_1,
          chequers_serial_rivers_room_a, ice2_lemuel
Snake:1:  layout_chambers, serial_shops, shop_coins, st_stairs_14
Snake:2:  layout_chambers, gammafunk_ghost_grave, uniq_aizul, uniq_vashnia

Skill      XL: |  1  2  3  4  5  6  7  8  9 10 11 12 13 14 |
---------------+-------------------------------------------+-----
Axes           | 3 4 5 6 8 9 11 12 13 15 | 15.3
Fighting       | 3 4 5 6 7 8 9 10 | 10.0
Armour         | 4 5 6 7 8 9 10 11 | 11.5
Shields        | 4 5 6 7 8 9 10 11 | 11.6
Invocations    | 1 2 3 5 6 8 9 11 12 | 12.6

Action                   |  1- 3 |  4- 6 |  7- 9 | 10-12 | 13-15 || total
-------------------------+-------+-------+-------+-------+-------++-------
Melee: War axe           |    51 |    70 |   105 |   714 |   299 ||  1239
       Hand axe          |       |    34 |   176 |    10 |    12 ||   232
Invok: Lesser Servant of |       |       |       |     6 |     2 ||     8
 Abil: Heal Wounds       |     2 |    11 |    17 |    17 |     8 ||    55
  Use: Potion            |       |       |     3 |     2 |     6 ||    11
       Scroll            |       |       |       |    20 |     3 ||    23
 Stab: Invisible         |       |       |     5 |       |       ||     5
       Distracted        |       |       |       |       |     4 ||     4
  Eat: Chunk             |       |     1 |    10 |    19 |     1 ||    31
       Ration            |       |       |       |     1 |     1 ||     2
Armor: Scale mail        |    23 |    38 |   106 |    81 |       ||   248
       Plate armour      |       |       |       |   312 |   169 ||   481
       Skin              |       |       |       |       |    33 ||    33
Dodge: Dodged            |    16 |    34 |   106 |   190 |    73 ||   419
Block: Kite shield       |    22 |    60 |   181 |   604 |   271 ||  1138
       Reflection        |       |       |     1 |     8 |    20 ||    29

Table legend:
 A = Non-vault XP
 B = Vault XP
 C = Vault XP percentage of total XP
 D = Non-vault monster count
 E = Vault monster count
 F = Vault count percentage of total count
                 A         B        C        D         E       F
            +---------+---------+-------+---------+---------+-------
      Total |   46957 |   21227 |  31.1 |     308 |     124 |  28.7
            +---------+---------+-------+---------+---------+-------
        D:1 |       2 |       0 |   0.0 |       1 |       0 |   0.0
        D:2 |      15 |       0 |   0.0 |       3 |       0 |   0.0
        D:3 |     126 |       0 |   0.0 |      14 |       0 |   0.0
        D:4 |     183 |       0 |   0.0 |      13 |       0 |   0.0
        D:5 |     425 |     283 |  40.0 |      11 |       1 |   8.3
        D:6 |     688 |      15 |   2.1 |      28 |       2 |   6.7
        D:7 |     867 |     409 |  32.1 |      14 |       1 |   6.7
        D:8 |    3221 |       8 |   0.2 |      37 |       4 |   9.8
        D:9 |    2608 |       0 |   0.0 |      41 |       0 |   0.0
     Lair:1 |    1653 |       0 |   0.0 |       9 |       0 |   0.0
     Lair:2 |    5015 |    2870 |  36.4 |      24 |       5 |  17.2
     Lair:3 |    2899 |    1584 |  35.3 |      12 |      16 |  57.1
     Lair:4 |    5577 |     880 |  13.6 |      23 |      12 |  34.3
     Lair:5 |    2913 |       0 |   0.0 |      11 |       0 |   0.0
     Lair:6 |   17787 |   10999 |  38.2 |      61 |      39 |  39.0
    Snake:1 |    2978 |       0 |   0.0 |       6 |       0 |   0.0
    Snake:2 |       0 |     813 | 100.0 |       0 |       1 | 100.0
     Bailey |       0 |    3366 | 100.0 |       0 |      43 | 100.0
            +---------+---------+-------+---------+---------+-------
